 Dungeon Crawl Stone Soup version 0.27-a0-1200-g94dc6ad4cf (webtiles) character file.

Game seed: 18386623218714591047

457 sokol815 the Sneak (level 7, -2/41 HPs)
             Began as an Octopode Ice Elementalist on May 31, 2021.
             Was an Initiate of Gozag.
             Slain by a centaur (3 damage)
             ... on level 5 of the Dungeon.
             The game lasted 00:11:53 (4579 turns).

sokol815 the Sneak (Octopode Ice Elementalist)      Turns: 4579, Time: 00:11:54

Health: -2/41      AC:  1    Str:  7    XL:     7   Next: 6%
Magic:  10/10      EV: 14    Int: 18    God:    Gozag
Gold:   24         SH:  4    Dex: 14    Spells: 3/10 levels left

rFire    . . .     SeeInvis .   a - +2 rapier (drain)
rCold    . . .     Faith    .   t - +0 buckler
rNeg     . . .     Spirit   .   (helmet restricted)
rPois    .         Reflect  .   i - amulet of magic regeneration
rElec    .         Harm     .   (no ring)
rCorr    .         Rampage  .   (no ring)
Will     .....                  (no ring)
Stlth    ++++......             (no ring)
HPRegen  0.13/turn              (no ring)
MPRegen  0.37/turn              (no ring)
                                (no ring)
                                (no ring)

@: no status effects
A: almost no armour, amphibious, 8 rings, camouflage 1, gelatinous body 1,
(nimble swimmer 1), tentacles
a: Renounce Religion, Potion Petition, Call Merchant, Bribe Branch


You were on level 5 of the Dungeon.
You worshipped Gozag.
Gozag was noncommittal.
You visited 2 branches of the dungeon, and saw 6 of its levels.

You collected 226 gold pieces.
You spent 140 gold pieces at shops.
You paid 62 gold pieces to Gozag.

Inventory:

Hand Weapons
 a - a +2 rapier of draining (weapon)
   (You found it on level 2 of the Dungeon)
 f - a +0 short sword
   (You found it on level 1 of the Dungeon)
 h - a +1 dagger of venom
   (You took it off a kobold on level 3 of the Dungeon)
 m - a +2 vorpal hand axe
   (You took it off an orc on level 3 of the Dungeon)
 q - a +0 dagger
   (You took it off a goblin on level 1 of the Dungeon)
 r - the +4 hunting sling of the Evening {speed, rF- rN+ Str+5 Stlth+}
   (You found it on level 5 of the Dungeon)

   Attacks with this weapon are significantly faster.
   It affects your strength (+5).
   It makes you vulnerable to fire.
   It protects you from negative energy.
   It makes you more stealthy.
Missiles
 d - 3 boomerangs of dispersal {=f}
 g - 35 arrows
 j - 26 poisoned darts
 n - 40 bolts
 o - 41 sling bullets
 s - 67 stones
Armour
 t - a +0 buckler (worn)
   (You bought it in a shop on level 4 of the Dungeon)
Jewellery
 i - an amulet of magic regeneration (around mantle)
   (You found it on level 2 of the Dungeon)
Wands
 e - a wand of charming (11)
   (You found it on level 4 of the Dungeon)
Scrolls
 c - a scroll of enchant armour {unknown}
 k - a scroll of enchant weapon {unknown}
 l - a scroll of identify {@r1}
 u - a scroll of teleportation {unknown}
 K - a scroll of immolation {!r}
Potions
 b - a potion of curing {unknown}
 p - a potion of attraction {unknown}
 H - a potion of haste


   Skills:
 + Level 2.2 Short Blades
 + Level 4.0 Dodging
 * Level 6.6 Stealth
 * Level 1.3 Shields
 - Level 2.0 Spellcasting
 * Level 5.0 Ice Magic


You had 3 spell levels left.
You knew the following spells:

 Your Spells              Type           Power      Damage    Failure   Level
a - Freeze                Ice            80%        1d9       3%          1
b - Frozen Ramparts       Ice            40%        1d6       10%         3
A - Ozocubu's Armour      Ice            20%        N/A       10%         3

Your spell library contained the following spells:

 Spells                   Type           Power      Damage    Failure   Level
 Hailstorm                Conj/Ice       10%        3d5       65%         4
 Metabolic Englaciation   Hex/Ice        5%         N/A       94%         5


Dungeon Overview and Level Annotations

Branches:
Dungeon (5/15)             Temple (1/1) D:5

Altars:
Elyvilon
Gozag
Kikubaaqudgha
Makhleb
Nemelex Xobeh
Sif Muna
Trog
Vehumet
Xom
Yredelemnul
Zin

Shops:
D:4 :[*

Annotations:
D:4 exclusions: adder, necrophage and ogre, Blork the orc


Innate Abilities, Weirdness & Mutations

You cannot wear most types of armour.
You are amphibious.
You can wear up to eight rings at the same time.
Your skin changes colour to match your surroundings (Stealth+).
Your rubbery body absorbs attacks. (AC +1, EV +1)
((You are camouflaged near water. (Stealth+)))
You have tentacles for arms and can constrict up to eight enemies at once.


Message History

Okay, then.
You open the door.
There is an open door here.
A hobgoblin comes into view.
A hobgoblin is nearby!
The helpless hobgoblin fails to defend itself.
You impale the hobgoblin!!
You kill the hobgoblin!
You now have 12 gold pieces (gained 6).
An adder and a necrophage come into view.
Here: a necrophage (dormant)
The floor.
You open the door.
There is an open door here.
There is an open door here.
You see here a +0 plate armour of cold resistance.
Partly explored, can't reach some items and places.
(D) Dungeon (T) Temple
Where to? (Enter - D:4 @ (x,y), ? - help)
You see here a +0 whip.
There is a stone staircase leading down here.
You climb downwards.
There is a stone staircase leading up here.
Found a stone staircase leading down.
There is a stone staircase leading down here.
As you open the door, it creaks loudly!
A necrophage and a zombie come into view.
You barely miss the bullfrog zombie. Your grab misses the bullfrog zombie.
The bullfrog zombie hits you. x2
You take 8 damage, and have 28/36 hp.
MASSIVE DAMAGE!!
You puncture the bullfrog zombie! You grab the bullfrog zombie.
You constrict the bullfrog zombie. You block the bullfrog zombie's attack.
You hit the bullfrog zombie. You constrict the bullfrog zombie.
The bullfrog zombie misses you. You block the bullfrog zombie's attack.
You hit the bullfrog zombie but do no damage.
You squeeze the bullfrog zombie. You constrict the bullfrog zombie.
The bullfrog zombie closely misses you.
You hit the bullfrog zombie. You squeeze the bullfrog zombie!
You destroy the bullfrog zombie!
You puncture the necrophage! You grab the necrophage.
You constrict the necrophage, but do no damage.
The necrophage hits you but does no damage.
You hit the necrophage. Your squeeze misses the necrophage.
You constrict the necrophage. You block the necrophage's attack.
The necrophage becomes distracted by the nearby gold, dreaming of imaginary riches.
You hit the necrophage.
The necrophage is no longer distracted by gold.
You constrict the necrophage. The necrophage misses you.
You hit the necrophage. You constrict the necrophage.
The necrophage completely misses you.
You barely miss the necrophage. You constrict the necrophage.
The necrophage hits you.
You feel drained.
You take 5 damage, and have 24/34 hp.
You hit the necrophage. You constrict the necrophage.
You destroy the necrophage!
Your life force feels restored.
Your Dodging skill increases to level 4!
Your Shields skill increases to level 1!
Your Ice Magic skill increases to level 5!
You have reached level 7!
You regained 3 hp, and now have 27/41 hp.
MP restored: 10 You now have 24 gold pieces (gained 12).
There is an open door here.
You start resting.
Health restored: 41
p - a glowing green potion You open the door.
There is an open door here.
n - 40 bolts (gained 19)
A centaur comes into view.
The centaur shouts!
The centaur wields a +0 shortbow.
The centaur shoots an arrow.
The arrow hits you!
You take 16 damage, and have 25/41 hp.
MASSIVE DAMAGE!!
The centaur shoots an arrow.
The arrow hits you!
* * * LOW HITPOINT WARNING * * *
The centaur shoots an arrow.
The arrow closely misses you.
You take 14 damage, and have 11/41 hp.
MASSIVE DAMAGE!!
The centaur unwields a +0 shortbow.
You block the centaur's attack. The centaur kicks you.
* * * LOW HITPOINT WARNING * * *
You see here 19 bolts.
You take 1 damage, and have 10/41 hp.
You hit the centaur. The centaur hits you.
* * * LOW HITPOINT WARNING * * *
The centaur misses you. The centaur barely misses you.
The centaur closely misses you.
You take 5 damage, and have 5/41 hp.
You hit the centaur. You drain the centaur. The centaur hits you.
* * * LOW HITPOINT WARNING * * *
The centaur kicks you.
* * * LOW HITPOINT WARNING * * *
The centaur hits you.
You die...
Your body crumbles into a pile of gold.

######.........#
##...##.........#######
...#..'.........'.....#
...#.##.........#######
...#.##.........#
#<...##.........#
#..#.############
#..#.##################
...#>...........@c....#
...#.##################
####.# ### # ### ..##
...## ....##


You could see a centaur (drained).

Vanquished Creatures
  A necrophage (D:5)
  A scorpion (D:4)
  A water moccasin skeleton (D:4)
  A bullfrog zombie (D:5)
  An orc priest (D:3)
  2 iguanas
  A hound skeleton (D:4)
  A howler monkey skeleton (D:5)
  3 adders (D:2)
  2 worms
  2 dart slugs
  6 orcs (D:3)
  6 ball pythons
  6 endoplasms
  2 giant cockroaches
  4 goblins (D:1)
  4 hobgoblins
  15 jackals
  8 kobolds
  3 quokkas
  4 bats
  6 frilled lizards
  4 rats
84 creatures vanquished.

Vanquished Creatures (others)
  A jelly (D:5)
1 creature vanquished.

Grand Total: 85 creatures vanquished

Notes
Turn   | Place    | Note
-------+----------+-------------------------------------------
     0 | D:1      | sokol815 the Octopode Ice Elementalist began the quest for
                  | the Orb.
     0 | D:1      | Reached XP level 1. HP: 11/11 MP: 3/3
   110 | D:1      | Reached skill level 3 in Stealth
   127 | D:1      | Reached XP level 2. HP: 16/17 MP: 5/5
   130 | D:1      | Found a faded altar of an unknown god.
   600 | D:1      | Reached XP level 3. HP: 15/21 MP: 2/6
   603 | D:1      | Reached skill level 4 in Stealth
  1048 | D:2      | Reached skill level 3 in Dodging
  1323 | D:2      | Reached XP level 4. HP: 27/27 MP: 7/7
  1946 | D:2      | Reached skill level 1 in Short Blades
  2222 | D:3      | Learned a level 3 spell: Ozocubu's Armour
  2565 | D:3      | Reached skill level 5 in Stealth
  2565 | D:3      | Reached XP level 5. HP: 29/31 MP: 8/8
  2632 | D:3      | Found a radiant altar of Vehumet.
  3196 | D:4      | Noticed Blork the orc
  3255 | D:4      | Found Habanau's Antique Armour Emporium.
  3522 | D:4      | Learned a level 3 spell: Frozen Ramparts
  3524 | D:4      | You fall into a shaft and drop 1 floor!
  3524 | D:5      | Entered Level 5 of the Dungeon
  3524 | D:5      | Identified the +4 hunting sling of the Evening {speed, rF-
                  | rN+ Str+5 Stlth+}
  3524 | D:5      | Found a staircase to the Ecumenical Temple.
  3533 | Temple   | Entered the Ecumenical Temple
  3606 | Temple   | Became a worshipper of Gozag Ym Sagoz the Greedy
  3740 | D:4      | Reached XP level 6. HP: 29/36 MP: 9/9
  3775 | D:4      | Reached skill level 6 in Stealth
  3863 | D:4      | Bought a buckler for 112 gold pieces
  3936 | D:4      | Found Qousasm's Book Emporium.
  4014 | D:4      | Reached skill level 2 in Short Blades
  4215 | D:4      | Found Beufevos's General Store.
  4218 | D:4      | Bought a scroll of identify for 28 gold pieces
  4247 | D:4      | Noticed a necrophage
  4363 | D:5      | Noticed a necrophage
  4374 | D:5      | Killed a necrophage
  4375 | D:5      | Reached skill level 4 in Dodging
  4375 | D:5      | Reached skill level 1 in Shields
  4375 | D:5      | Reached skill level 5 in Ice Magic
  4375 | D:5      | Reached XP level 7. HP: 27/41 MP: 10/10
  4577 | D:5      | HP: 10/41 [centaur (1)]
  4579 | D:5      | HP: 2/41 [centaur (3)]
  4579 | D:5      | Slain by a centaur

Illustrated notes

Levels and vault maps discovered:
D:1:      wheals_arrival_shading, layout_rooms,
          hellmonk_ecumenical_altar_blasted
D:2:      layout_basic, grunt_decor_mini_mirrors, st_stairs_12,
          minmay_misc_feat_doors
D:3:      layout_loops_ring, nicolae_vehumet_altar_sigil
D:4:      layout_basic, serial_shops, shop_statue, nicolae_shop_behind_doors,
          kennysheep_mini_moat, uniq_grinder, uniq_blork_the_orc
D:5:      layout_basic, minmay_temple_entry_drinking_statues, serial_curves,
          eino_curves_04, eino_curves_04, eino_curves_02, eino_curves_01,
          lemuel_flame_loot_1
Temple:   minmay_crystal_spiral_temple

Skill      XL: |  1  2  3  4  5  6 |
---------------+-------------------+-----
Stealth        | 3 4 5 6 |  6.6
Dodging        | 3 4 |  4.0
Short Blades   | 1 2 |  2.2
Shields        | 1 |  1.3
Ice Magic      | 5 |  5.0
Spellcasting   | |  2.0

Action                   |  1- 3 |  4- 6 |  7- 9 || total
-------------------------+-------+-------+-------++-------
Melee: Short sword       |    36 |       |       ||    36
       Constrict         |    17 |    27 |       ||    44
       Unarmed           |     4 |       |       ||     4
       Tentacles         |    12 |    13 |       ||    25
       Rapier            |    10 |    92 |     2 ||   104
 Cast: Freeze            |    14 |     3 |       ||    17
  Use: Potion            |       |     2 |       ||     2
       Scroll            |       |     1 |       ||     1
 Stab: Sleeping          |     7 |     8 |       ||    15
       Distracted        |       |     1 |       ||     1
Armor: Skin              |     4 |     5 |       ||     9
Dodge: Dodged            |    41 |    58 |     4 ||   103
Block: Buckler           |       |     3 |     1 ||     4

Table legend: (Time is in decaauts)
 A = Elapsed time spent in this place.
 B = Non-inter-level travel time spent in this place.
 C = Inter-level travel time spent in this place.
 D = Time resting spent in this place.
 E = Time spent auto-exploring this place.
 F = Levels seen in this place.
 G = Mean time per level.
                   A        B        C        D        E       F      G
               +--------+--------+--------+--------+--------+-----+--------+
         Total |   4599 |   4312 |    287 |    862 |   2844 |   6 |  766.5 |
       Dungeon |   4477 |   4238 |    239 |    862 |   2775 |   5 |  895.4 |
        Temple |    121 |     73 |     48 |      0 |     69 |   1 |  121.0 |
               +--------+--------+--------+--------+--------+-----+--------+

Top non-repeatable levels by time:
     D:3: 1190 daAuts
     D:2: 1109 daAuts
     D:1: 1089 daAuts
     D:4: 796 daAuts
     D:5: 291 daAuts
  Temple: 121 daAuts

Table legend:
 A = Kills in this place as a percentage of kills in entire the game.
 B = Kills by you in this place as a percentage of kills by you in the entire game.
 C = Kills by friends in this place as a percentage of kills by friends in the entire game.
 D = Other kills in this place as a percentage of other kills in the entire game.
 E = Experience gained in this place as a percentage of experience gained in the entire game.
 F = Experience gained in this place divided by the number of levels of this place that you have seen.
                   A       B       C       D       E      F
               +-------+-------+-------+-------+-------+----------------------
         Total | 100.0 | 100.0 |   N/A |   N/A | 100.0 | 108.8
       Dungeon | 100.0 | 100.0 |   N/A |   N/A | 100.0 | 130.6
               +-------+-------+-------+-------+-------+----------------------
